 Dungeon Crawl Stone Soup version 0.27.0-1-g7a089689b8 (webtiles) character file.

Game seed: 2584091532722189255

93 mandarbmax the Cudgeller (level 4, -5/63 HPs)
             Began as a Gargoyle Fighter on July 31, 2021.
             Was an Initiate of Wu Jian.
             Slain by Crazy Yiuf (9 damage)
             ... on level 3 of the Dungeon.
             The game lasted 00:03:31 (1969 turns).

mandarbmax the Cudgeller (Gargoyle Fighter)         Turns: 1969, Time: 00:03:32

Health: -5/63      AC: 22    Str: 20    XL:     4   Next: 62%
Magic:  4/4        EV:  2    Int:  9    God:    Wu Jian [......]
Gold:   101        SH:  9    Dex:  9    Spells: 3/3 levels left

rFire    . . .     SeeInvis .   a - +0 flail
rCold    . . .     Faith    .   c - +0 kite shield
rNeg     + + +     Spirit   .   (armour currently unavailable)
rPois    ∞         Reflect  .   (helmet currently unavailable)
rElec    .         Harm     .   (cloak currently unavailable)
rCorr    .         Rampage  .   (gloves currently unavailable)
Will     .....     NoTele   +   (boots currently unavailable)
Stlth    ..........             (no amulet)
HPRegen  0.20/turn              (no ring)
MPRegen  0.09/turn              (no ring)

@: berserking, tree-form, slightly contaminated, invisible, very quick
A: stationary, stasis, torment immunity, boosted hp, sickness immunity, AC +3,
negative energy resistance 1, (electricity resistance), torment resistance 1,
petrification resistance
a: Renounce Religion


You were on level 3 of the Dungeon.
You worshipped Wu Jian.
Wu Jian was noncommittal.
You were a tree.
You visited 1 branch of the dungeon, and saw 3 of its levels.

You collected 101 gold pieces.

Inventory:

Hand Weapons
 a - a +0 flail (weapon)
Missiles
 g - 3 boomerangs
 h - 3 poisoned darts (quivered)
Armour
 c - a +0 kite shield (worn)
 o - a +3 chain mail (melded)
Wands
 n - a wand of flame (15)
Scrolls
 f - a scroll of teleportation {unknown}
 j - a scroll of identify {unknown}
 k - a scroll of acquirement {unknown}
Potions
 b - a potion of might
 e - a potion of attraction {unknown}
 l - a potion of haste {unknown}
 m - a potion of resistance {unknown}


   Skills:
 - Level 3.2 Fighting
 + Level 4.7 Maces & Flails
 - Level 3.2 Armour
 - Level 3.2 Shields


You had 3 spell levels left.
You didn't know any spells.
Your spell library was empty.

Dungeon Overview and Level Annotations

Branches:
Dungeon (3/15)

Altars:
Wu Jian

Annotations:
D:3 2 transporters, Crazy Yiuf; JBAR's ghost, amateur GrGl


Innate Abilities, Weirdness & Mutations

You are a tree.
Your roots penetrate the ground, keeping you stationary.
You cannot be teleported.
You are immune to unholy pain and torment.
Your maximum health is greatly increased.
Your equipment is partially melded.
You are immune to sickness and miasma.
((Your stone body is resilient. (AC +3)))
You are immune to poison.
You resist negative energy. (rN+)
((You are resistant to electric shocks. (rElec)))
You are resistant to unholy torment.
You are immune to petrification.


Message History

An orc comes into view. It is wielding a +0 trident.
The orc hits you but does no damage. Crazy Yiuf hits you but does no damage.
Your shield and chain mail prevent you from hitting Crazy Yiuf.
Crazy Yiuf is heavily wounded.
The orc barely misses you. Crazy Yiuf hits you but does no damage.
You catch the helpless Crazy Yiuf completely off-guard!
You hit Crazy Yiuf.
Crazy Yiuf is almost dead.
The orc shouts!
The orc hits you with a +0 whip.
* * * LOW HITPOINT WARNING * * *
Crazy Yiuf barely misses you. The orc hits you with a +0 whip.
* * * LOW HITPOINT WARNING * * *
Crazy Yiuf flaps his cloak.
Crazy Yiuf barely misses you.
It was a potion of lignification.
You turn into a tree.
Your +3 chain mail melds into your body.
Your roots penetrate the ground.
You block the orc's attack. You block Crazy Yiuf's attack.
You barely miss Crazy Yiuf.
Crazy Yiuf is almost dead.
You block the orc's attack. You block Crazy Yiuf's attack.
Unknown command.
It was a potion of berserk rage.
A red film seems to cover your vision as you go berserk!
You feel yourself moving faster!
You feel mighty! You block the orc's attack.
Crazy Yiuf hits you but does no damage.
You fade further into invisibility.
You are lightly contaminated with residual magic.
Your shield prevents you from hitting Crazy Yiuf.
Crazy Yiuf is almost dead.
The orc barely misses you. Crazy Yiuf hits you but does no damage.
You closely miss Crazy Yiuf.
Crazy Yiuf is almost dead.
The orc barely misses you.
Crazy Yiuf grits, "Buddy!
Orb childish hand."
Crazy Yiuf hits you with a +3 quarterstaff of chaos.
* * * LOW HITPOINT WARNING * * *
You are electrocuted!
You die...

##..#.# ########.##
##...#.# #.##
#.#..#.##############...
##.#.#....(..(.(.....g..
#.#.#..#######.......##
#.#.#..# ###.#######
#.#.#..# #...# ##
#.#.#g.# #...# #.
#.#<##♣# #...# ##.
#.#.##o# ###.# #..
#.#.##o#######.# ##..
#....#o........# #...
#......#####.### #...
##...#.# #.# #.g.
##.##.# #.# ##)# #.##.#
#.# #)## ## #.##.## #.#
##)#


You could see Crazy Yiuf and 3 orcs.

Vanquished Creatures
  An orc wizard (D:3)
  Terence (D:3)
  A dart slug (D:2)
  4 endoplasms (D:1)
  2 giant cockroaches
  2 goblins (D:1)
  4 hobgoblins
  4 jackals
  7 ball pythons
  4 bats
  5 frilled lizards
  3 kobolds (D:1)
  5 rats
43 creatures vanquished.

Notes
Turn   | Place    | Note
-------+----------+-------------------------------------------
     0 | D:1      | mandarbmax the Gargoyle Fighter began the quest for the
                  | Orb.
     0 | D:1      | Reached XP level 1. HP: 14/14 MP: 1/1
   146 | D:1      | Reached XP level 2. HP: 16/19 MP: 2/2
   232 | D:1      | Reached skill level 3 in Maces & Flails
   393 | D:1      | Reached XP level 3. HP: 23/23 MP: 3/3
   704 | D:2      | Found a faded altar of an unknown god.
   864 | D:2      | Found an ornate altar of the Wu Jian Council.
   875 | D:2      | Became a worshipper of the Wu Jian Council
  1362 | D:3      | Found a transporter.
  1365 | D:3      | Noticed an ogre
  1365 | D:3      | Noticed an ogre
  1366 | D:3      | Found a transporter.
  1366 | D:3      | Noticed JBAR's ghost (amateur GrGl)
  1389 | D:3      | Reached skill level 4 in Maces & Flails
  1389 | D:3      | Reached XP level 4. HP: 16/28 MP: 4/4
  1660 | D:3      | Noticed Terence
  1673 | D:3      | Killed Terence
  1902 | D:3      | Found a runed translucent door.
  1903 | D:3      | Noticed Crazy Yiuf
  1969 | D:3      | Slain by Crazy Yiuf

Illustrated notes

Levels and vault maps discovered:
D:1:      dpeg_arrival_simpleton_c, layout_basic
D:2:      layout_rooms, shapermc_ecumenical_altar_gd, basic_altar
D:3:      layout_loops_ring, gammafunk_ghost_smash, minmay_increasing_density,
          uniq_terence, uniq_jessica, uniq_crazy_yiuf_cottage

Skill      XL: |  1  2  3 |
---------------+----------+-----
Maces & Flails | 3 4 |  4.7
Fighting       | |  3.2
Armour         | |  3.2
Shields        | |  3.2

Action                   |  1- 3 |  4- 6 || total
-------------------------+-------+-------++-------
Melee: Flail             |   137 |    21 ||   158
       Unarmed           |       |     1 ||     1
Throw: Dart              |       |     8 ||     8
Invok: Lunge             |     4 |     1 ||     5
  Use: Potion            |     2 |     2 ||     4
 Stab: Invisible         |       |     2 ||     2
Armor: Scale mail        |    92 |     5 ||    97
       Chain mail        |       |     6 ||     6
       Skin              |       |     2 ||     2
Dodge: Dodged            |    48 |     8 ||    56
Block: Kite shield       |    92 |    13 ||   105
